AoeStats
← danjo

MegaRandom

503336286Analyzed
1v1 RM · 1mo ago on Aug 31, 2026· 26m 40s· 2 players
Game mode
Random Map
Map size
Tiny (2 player)
Population
200
Speed
Normal
Resources
Standard
Victory
Conquest
Starting age
Dark Age
Ending age
Imperial Age
RankedLock teamsTeams togetherTeam positionsShared explorationLock speedFull tech treeHidden civsTurbo modeCheats
Victory
Defeat
🇦🇷 Burgundians · Argentina
967
+18
🇩🇪 Malians · Germany
1001
-18
LeopoldoCITY
6:35 Loom
11:45 Feudal Age
17:36 Castle Age
17:06 Wheelbarrow
17:44 Scale Barding Armor
17:51 Forging
19:09 Double-Bit Axe
20:07 Husbandry
22:14 Cavalier
24:38 Chain Barding Armor
danjo
10:10 Feudal Age
14:59 Castle Age
14:20 Scale Barding Armor
26:39 Fletching
Connection lost

Rejoining the realm…

Still unreachable

The connection could not be restored.

Session expired

The server has moved on; the page needs a fresh start.